 Dungeon Crawl Stone Soup version 0.30-a0-578-gdee14c521f (webtiles) character file.

Game seed: 959297781647563688

912 Newt the Ruffian (level 7, -1/54 HPs)
             Began as a Demonspawn Gladiator on Dec 31, 2022.
             Was an Initiate of Hepliaklqana.
             Slain by a sky beast (6 damage)
             ... on level 5 of the Dungeon.
             The game lasted 00:06:36 (5378 turns).

Newt the Ruffian (Demonspawn Gladiator)             Turns: 5378, Time: 00:06:37

Health: -1/54      AC:  4    Str: 16    XL:     7   Next: 82%
Magic:  7/7        EV: 13    Int:  9    God:    Hepliaklqana [......]
Gold:   211        SH:  9    Dex: 15    Spells: 5/6 levels left

rFire   . . .      SeeInvis .      - Unarmed
rCold   . . .      Faith    .    (no shield)
rNeg    + . .      Spirit   .    B - +0 leather armour {rN+}
rPois   .          Reflect  +    c - +0 helmet
rElec   .          Harm     .    (no cloak)
rCorr   .          Rampage  .    (no gloves)
Will    .....                    (no boots)
Stlth   ++                       j - amulet of reflection
HPRegen 0.29/turn                h - ring of wizardry
MPRegen 0.10/turn                (no ring)

@: no status effects
A: claws 2, large bone plates 1, powered by pain 2
a: Renounce Religion


You were on level 5 of the Dungeon.
You worshipped Hepliaklqana.
Hepliaklqana was noncommittal.
You visited 1 branch of the dungeon, and saw 6 of its levels.

You collected 211 gold pieces.

Inventory:

Hand Weapons
 a - a +0 rapier
Missiles
 d - a throwing net (quivered)
 e - a javelin
 o - 2 silver javelins
 u - 10 poisoned darts
Armour
 b - a +0 leather armour
 c - a +0 helmet (worn)
 B - a +0 leather armour of positive energy (worn)
Jewellery
 h - a ring of wizardry (left claw)
 j - an amulet of reflection (around neck)
 l - a ring of flight
Wands
 g - a wand of flame (8)
 t - a wand of roots (8)
Scrolls
 f - 3 scrolls of teleportation
 i - 2 scrolls of vulnerability
 p - 2 scrolls of fear
 w - a scroll of fog {unknown}
 x - a scroll of amnesia {unknown}
 y - a scroll of enchant armour {unknown}
 z - a scroll of enchant weapon {unknown}
Potions
 k - a potion of invisibility
 m - a potion of ambrosia
 q - a potion of attraction
 r - 2 potions of curing {unknown}
 s - a potion of might {unknown}
 v - a potion of brilliance {unknown}
 A - a potion of lignification {unknown}


   Skills:
 - Level 4.0 Fighting
 - Level 2.6 Short Blades
 - Level 1.7 Throwing
 - Level 4.0 Armour
 - Level 4.0 Dodging
 - Level 2.0 Stealth
 + Level 4.8 Unarmed Combat


You had 5 spell levels left.
You knew the following spells:

 Your Spells              Type           Power      Damage    Failure   Level
a - Slow                  Hex            0%         N/A       19%         1

Your spell library contained the following spells:

 Spells                   Type           Power      Damage    Failure   Level
 Static Discharge         Conj/Air       0%         2-2/arc   28%         2
 Confusing Touch          Hex            0%         N/A       47%         3
 Inner Flame              Hex/Fire       0%         N/A       47%         3
 Vampiric Draining        Necr           0%         2d6       47%         3
 Vhi's Electric Charge    Tloc/Air       0%         N/A       47%         3
 Cause Fear               Hex            0%         N/A       86%         4
 Arcjolt                  Conj/Air       0%         1d10      99%         5
 Lightning Bolt           Conj/Air       0%         1d11      99%         5
 Summon Forest            Summ/Tloc      0%         N/A       99%         5
 Eringya's Noxious Bog    Tmut/Pois      0%         N/A       100%        6
 Summon Hydra             Summ           0%         N/A       100%        7
 Discord                  Hex            0%         N/A       100%        8


Dungeon Overview and Level Annotations

Branches:
Dungeon (6/15)             Temple (0/1) D:5

Altars:
Hepliaklqana
Sif Muna


Innate Abilities, Weirdness & Mutations

You have very sharp fingernails.
You are partially covered in large bone plates. (SH +4)
You sometimes gain power by taking damage.


Message History

The sky beast barely misses you.
You barely miss the sky beast.
The sky beast is heavily wounded.
You block the sky beast's attack.
The yak bellows!
The sky beast attacks as you move away! The sky beast hits you.
The sky beast shocks you.
* * * LOW HITPOINT WARNING * * *
The sky beast attacks as you move away!
The sky beast hits you but does no damage.
The sky beast attacks as you move away! You block the sky beast's attack.
The sky beast attacks as you move away! The sky beast misses you.
The sky beast attacks as you move away! The sky beast barely misses you.
The sky beast attacks as you move away! The sky beast barely misses you.
The sky beast attacks as you move away! You block the sky beast's attack.
There is a stone staircase leading up here.
The sky beast hits you. The sky beast shocks you.
* * * LOW HITPOINT WARNING * * *
You climb upwards.
There is a stone staircase leading down here.
You claw the sky beast!
The sky beast is severely wounded.
The sky beast flickers out of sight!
Deactivating autopickup; reactivate with Ctrl-A.
Something hits you.
* * * LOW HITPOINT WARNING * * *
Something shocks you.
* * * LOW HITPOINT WARNING * * *
Okay, then.
You feel much better. Something hits you. Something shocks you.
You miss something. Something hits you. Something shocks you.
* * * LOW HITPOINT WARNING * * *
You miss something. Something hits you.
* * * LOW HITPOINT WARNING * * *
Something shocks you.
* * * LOW HITPOINT WARNING * * *
You closely miss something. Something hits you.
* * * LOW HITPOINT WARNING * * *
Something shocks you.
You die...

..............#.#..........#
#..
...............)..........##
##.
..........................#
#.
#######..................##
#. # ###................# ##
# #...............## # #
#..............## # #
##.............# #
#.....{@..##.## #
############.# ## #)# .# #.#
.# #.# .# ##.# .## #..# #.#
#..# #.# #.##


There were no monsters in sight!

Vanquished Creatures
  A water moccasin (D:5)
  An ogre (D:6)
  A centaur (D:5)
  A scorpion (D:5)
  A howler monkey (D:6)
  An orc priest (D:4)
  2 hounds (D:5)
  4 iguanas
  3 orc wizards
  7 gnolls
  6 adders
  An ufetubus (D:6)
  2 worms
  6 dart slugs
  21 orcs
  10 bats
  5 endoplasms
  16 giant cockroaches
  6 goblins
  6 hobgoblins
  2 quokkas
  5 ball pythons
  4 frilled lizards
  16 kobolds
  7 rats
  A spectral kobold (D:4)
136 creatures vanquished.

Notes
Turn   | Place    | Note
-------+----------+-------------------------------------------
     0 | D:1      | Newt the Demonspawn Gladiator began the quest for the Orb.
     0 | D:1      | Reached XP level 1. HP: 16/16 MP: 1/1
   121 | D:1      | Reached skill level 1 in Stealth
   146 | D:1      | Gained mutation: You have sharp fingernails. [demonic
                  | ancestry]
   146 | D:1      | Reached XP level 2. HP: 22/22 MP: 2/2
   782 | D:1      | Reached skill level 1 in Unarmed Combat
   962 | D:1      | Gained mutation: You sometimes gain a little power by
                  | taking damage. [demonic ancestry]
   962 | D:1      | Reached XP level 3. HP: 27/27 MP: 3/3
  1520 | D:2      | Gained mutation: You are partially covered in large bone
                  | plates. (SH +4) [demonic ancestry]
  1520 | D:2      | Reached XP level 4. HP: 31/33 MP: 4/4
  2092 | D:3      | Found a faded altar of an unknown god.
  2102 | D:3      | Reached XP level 5. HP: 30/38 MP: 5/5
  3371 | D:4      | Gained mutation: You have very sharp fingernails. [demonic
                  | ancestry]
  3371 | D:4      | Reached XP level 6. HP: 24/44 MP: 6/6
  3660 | D:4      | Reached skill level 1 in Armour
  3893 | D:4      | Found a hazy altar of Hepliaklqana.
  3913 | D:4      | Became a worshipper of Hepliaklqana the Forgotten
  3928 | D:5      | Entered Level 5 of the Dungeon
  4324 | D:5      | Found a staircase to the Ecumenical Temple.
  4490 | D:5      | Gained mutation: You sometimes gain power by taking damage.
                  | [demonic ancestry]
  4490 | D:5      | Reached XP level 7. HP: 50/50 MP: 7/7
  4541 | D:5      | Found a shimmering blue altar of Sif Muna.
  5238 | D:6      | Learned a level 1 spell: Slow
  5352 | D:6      | Noticed a yak
  5352 | D:6      | Noticed a yak
  5378 | D:5      | Slain by a sky beast

Illustrated notes

Levels and vault maps discovered:
D:1:      evilmike_arrival_plus, layout_basic
D:2:      minmay_roachtagon, layout_loops_cross
D:3:      wad_river_or_something, layout_loops_cross,
          nicolae_ecumenical_oubliette
D:4:      layout_cave_pools, nicolae_hepliaklqana_monster_ancestors
D:5:      layout_cave_pods, mainiacjoe_overflow_concentric_impassable,
          minmay_temple_entry_grid, st_stairs_8
D:6:      layout_basic, hangedman_decor_lopped

Skill      XL: |  1  2  3  4  5  6  7 |
---------------+----------------------+-----
Stealth        | 1 2 |  2.0
Unarmed Combat | 1 2 3 4 |  4.8
Dodging        | 4 |  4.0
Armour         | 3 4 |  4.0
Fighting       | 4 |  4.0
Short Blades   | |  2.6
Throwing       | |  1.7

Action                   |  1- 3 |  4- 6 |  7- 9 || total
-------------------------+-------+-------+-------++-------
Melee: Rapier            |    17 |       |       ||    17
       Punch             |     3 |     5 |     1 ||     9
       Unarmed           |   134 |   263 |    83 ||   480
Throw: Throwing net      |       |     3 |     2 ||     5
       Javelin           |       |     3 |       ||     3
 Cast: Slow              |       |       |     2 ||     2
  Use: Scroll            |     2 |     4 |       ||     6
       Potion            |       |     1 |     1 ||     2
 Stab: Sleeping          |     6 |     7 |       ||    13
       Held in net/web   |       |     3 |       ||     3
Armor: Leather armour    |    55 |    41 |    10 ||   106
Dodge: Dodged            |   103 |   105 |    20 ||   228
Block: Other             |    23 |   108 |    29 ||   160
       Reflection        |     1 |     5 |       ||     6

Table legend: (Time is in decaauts)
 A = Elapsed time spent in this place.
 B = Non-inter-level travel time spent in this place.
 C = Inter-level travel time spent in this place.
 D = Time resting spent in this place.
 E = Time spent auto-exploring this place.
 F = Levels seen in this place.
 G = Mean time per level.
                   A        B        C        D        E       F      G
               +--------+--------+--------+--------+--------+-----+--------+
         Total |   5351 |   5171 |    180 |   1192 |   2934 |   6 |  891.8 |
       Dungeon |   5351 |   5171 |    180 |   1192 |   2934 |   6 |  891.8 |
               +--------+--------+--------+--------+--------+-----+--------+

Top non-repeatable levels by time:
     D:5: 1288 daAuts
     D:3: 1170 daAuts
     D:1: 1137 daAuts
     D:2: 972 daAuts
     D:4: 632 daAuts
     D:6: 151 daAuts
